 Dungeon Crawl Stone Soup version 0.32-a0-859-gb0a091d592 (webtiles) character file.

Game seed: 8011090500474709305

1184 ragingrage the Changeling (level 8, -4/56 HPs)
             Began as a Human Shapeshifter on Mar 27, 2024.
             Was a Follower of Uskayaw.
             Killed from afar by a manticore (17 damage)
             ... with a volley of spikes
             ... on level 6 of the Dungeon.
             The game lasted 00:11:45 (6121 turns).

ragingrage the Changeling (Human Shapeshifter)      Turns: 6121, Time: 00:11:46

Health: -4/56      AC:  8    Str: 17    XL:     8   Next: 42%
Magic:  7/8        EV: 10    Int: 17    God:    Uskayaw [*.....]
Gold:   388        SH:  3    Dex: 12    Spells: 6/7 levels left

rFire   + .          .
                       - Unarmed
rCold   . . .        G - +0 buckler
rNeg    . . .        J - +2 robe {rF+}
rPois   .            (helmet currently unavailable)
rElec   .            (cloak currently unavailable)
rCorr   .            (gloves currently unavailable)
SInv    .            (boots currently unavailable)
Will    .....        (no amulet)
Stlth   ++           e - +6 ring of intelligence
HPRegen 0.29/turn    j - +4 ring of protection
MPRegen 0.11/turn

%: no passive effects
@: about to teleport, beast-form, spiked
A: beast (slay +4), explore regen
a: Begin Untransformation, Renounce Religion, Stomp


You were on level 6 of the Dungeon.
You worshipped Uskayaw.
Uskayaw was noncommittal.
You were a hulking beast.
You visited 1 branch of the dungeon, and saw 7 of its levels.

You collected 388 gold pieces.

Inventory:

Hand Weapons
 a - a +1 dagger of venom
 s - a +0 sling
 w - a +1 short sword of speed
Missiles
 l - 3 poisoned darts (quivered)
Armour
 r - a +0 helmet
 F - a +0 pair of boots
 G - a +0 buckler (worn)
 J - a +2 robe of fire resistance (worn)
Jewellery
 e - a +6 ring of intelligence (left hand)
 h - a ring of see invisible
 j - a +4 ring of protection (right hand)
Talismans
 c - a beast talisman (active)
 d - a flux talisman
 C - a serpent talisman
Wands
 g - a wand of warping (5)
Scrolls
 i - 2 scrolls of enchant armour
 k - a scroll of fog {unknown}
 n - 4 scrolls of revelation {unknown}
 t - a scroll of immolation {unknown}
 y - a scroll of blinking {unknown}
 A - a scroll of vulnerability {unknown}
 B - a scroll of silence {unknown}
 D - 3 scrolls of enchant weapon
 E - a scroll of fear {unknown}
 I - a scroll of noise {unknown}
Potions
 b - 3 potions of brilliance
 f - a potion of curing
 m - a potion of cancellation {unknown}
 o - 2 potions of haste
 p - a potion of berserk rage {unknown}
 q - a potion of enlightenment
 u - a potion of might
 x - a potion of invisibility {unknown}
 z - a potion of ambrosia {unknown}
 H - a potion of heal wounds {unknown}


   Skills:
 - Level 2.0 Fighting
 - Level 2.1 Short Blades
 - Level 2.0 Dodging
 - Level 2.0 Stealth
 - Level 5.0 Unarmed Combat
 - Level 2.0 Conjurations
 - Level 2.0 Alchemy
 + Level 7.4 Shapeshifting


You had 6 spell levels left.
You knew the following spells:

 Your Spells              Type           Power      Damage    Failure   Level
a - Sting                 Conj/Alch      24%        1d4       14%         1

Your spell library contained the following spells:

 Spells                   Type           Power      Damage    Failure   Level
 Apportation              Tloc           0%         N/A       30%         1
 Necrotise                Necr           0%         1d4       30%         1
 Summon Small Mammal      Summ           0%         N/A       30%         1


Dungeon Overview and Level Annotations

Branches:
Dungeon (7/15)             Temple (0/1) D:4

Altars:
Ashenzari
Dithmenos
Hepliaklqana
Kikubaaqudgha
Qazlal
Ru
Uskayaw
Xom
The Shining One

Annotations:
D:3 2 transporters, exclusion: downstairs, Heh's ghost, amateur OpAl
D:4 exclusion: downstairs
D:7 exclusion: wyvern


Innate Abilities, Weirdness & Mutations

You are a hulking beast.
Your limbs bulge with bestial killing power. (Slay +4)
You regain HP and MP as you explore.


Message History

Throw: 5 darts (poison)
Press: ? - help, Q - select action, (/) - cycle Shift-Dir - straight line, f/p - two-headed ogre
Aim: a two-headed ogre, wielding two +0 giant clubs (moderately wounded, very poisoned, 75% to hit)
You throw a poisoned dart.
The poisoned dart hits the two-headed ogre.
The two-headed ogre looks even sicker.
Throw: 4 darts (poison)
Press: ? - help, Q - select action, (/) - cycle Shift-Dir - straight line, f/p - two-headed ogre
Aim: a two-headed ogre, wielding two +0 giant clubs (moderately wounded, very poisoned, 75% to hit)
You throw a poisoned dart.
The poisoned dart hits the two-headed ogre.
The two-headed ogre looks as sick as possible!
You can no longer pass through a line of other dancers.
Okay, then.
Casting: Sting (safe; 14% risk of failure)
Okay, then.
Casting: Sting (safe; 14% risk of failure)
Aiming: Sting (safe; 14% risk of failure)
Press: ? - help, Shift-Dir - straight line, f/p - two-headed ogre
Aim: a two-headed ogre, wielding two +0 giant clubs (severely wounded, very poisoned, 85% to hit)
The sting hits the two-headed ogre but does no damage.
The two-headed ogre looks even sicker.
Casting: Sting (safe; 14% risk of failure)
Aiming: Sting (safe; 14% risk of failure)
Press: ? - help, Shift-Dir - straight line, f/p - two-headed ogre
Aim: a two-headed ogre, wielding two +0 giant clubs (severely wounded, very poisoned, 85% to hit)
The sting hits the two-headed ogre but does no damage.
The two-headed ogre looks as sick as possible!
As you read the scroll of teleportation, it crumbles to dust.
You feel strangely unstable.
You hit the two-headed ogre.
The two-headed ogre hits you with a +0 giant club!!
Ouch! That really hurt!
The two-headed ogre hits you with a +0 giant club.
* * * LOW HITPOINT WARNING * * *
The manticore flicks its tail.
The volley of spikes skewers you!
Barbed spikes become lodged in your body.
You die...
Your body falls in perfect tune with the rhythm.

#..(... .....# ##+(H#.
.....# .....## H....#
.......#
.....#..!..###.
.....#..... #.
.....#..... #
#######?....#.##.
#.....h# #.##.. #
#.....O# ...... #.
#......# ......###.
#......# .........#
#......# .........##
#......# .........#.
#......###########+#...
#..................O...
#...................)..


You could see a two-headed ogre (very poisoned) and a manticore.

Vanquished Creatures
  3 yaks
  An ogre (D:5)
  A centaur (D:7)
  A scorpion (D:6)
  A crimson imp (D:4)
  2 bombardier beetles (D:5)
  2 hounds
  A gnoll bouda (D:6)
  A jelly (D:6)
  A sleepcap (D:6)
  An iguana (D:7)
  3 orc wizards
  7 gnolls
  6 adders
  A white imp (D:4)
  3 dart slugs
  4 orcs
  6 endoplasms
  2 giant cockroaches
  7 goblins
  6 hobgoblins
  4 quokkas
  9 ball pythons
  5 bats
  3 frilled lizards
  5 kobolds
  4 rats
90 creatures vanquished.

Notes
Turn   | Place    | Note
-------+----------+-------------------------------------------
     0 | D:1      | ragingrage the Human Shapeshifter began the quest for the
                  | Orb.
     0 | D:1      | Reached XP level 1. HP: 15/15 MP: 1/1
   247 | D:1      | Reached skill level 1 in Stealth
   247 | D:1      | Reached XP level 2. HP: 18/21 MP: 2/2
   772 | D:1      | Reached XP level 3. HP: 26/26 MP: 3/3
  1343 | D:2      | Reached XP level 4. HP: 18/32 MP: 4/4
  1470 | D:2      | Found a hide-covered altar of Uskayaw.
  1532 | D:2      | Became a worshipper of Uskayaw the Reveller
  1563 | D:2      | Reached * piety under Uskayaw
  1653 | D:2      | Reached ** piety under Uskayaw
  1931 | D:3      | Reached skill level 5 in Unarmed Combat
  1972 | D:3      | Noticed Heh's ghost (amateur OpAl)
  1999 | D:3      | Reached XP level 5. HP: 37/37 MP: 5/5
  2021 | D:3      | Reached skill level 1 in Short Blades
  2117 | D:3      | Found a stormy altar of Qazlal.
  2512 | D:3      | Found a transporter.
  2525 | D:3      | Found a transporter.
  2735 | D:4      | Found a shadowy altar of Dithmenos.
  2811 | D:4      | Found an ancient bone altar of Kikubaaqudgha.
  2812 | D:4      | Found a hide-covered altar of Uskayaw.
  2812 | D:4      | Found a glowing golden altar of the Shining One.
  2837 | D:4      | Learned a level 1 spell: Sting
  3107 | D:4      | Found a staircase to the Ecumenical Temple.
  3109 | D:4      | Noticed an ogre
  3251 | D:4      | Found a hazy altar of Hepliaklqana.
  3280 | D:5      | Entered Level 5 of the Dungeon
  3335 | D:5      | Reached skill level 1 in Conjurations
  3335 | D:5      | Reached skill level 1 in Alchemy
  3335 | D:5      | Reached XP level 6. HP: 44/44 MP: 6/6
  3428 | D:4      | Found a broken altar of Ashenzari.
  4152 | D:5      | Found a sacrificial altar of Ru.
  4376 | D:6      | Reached skill level 4 in Shapeshifting
  4376 | D:6      | Reached XP level 7. HP: 50/50 MP: 7/7
  4385 | D:6      | Noticed a manticore
  4388 | D:6      | Found a shimmering altar of Xom.
  4756 | D:7      | Noticed a wyvern
  4786 | D:7      | Noticed a yak
  4889 | D:7      | Reached skill level 5 in Shapeshifting
  4920 | D:7      | Noticed a yak
  4920 | D:7      | Noticed a yak
  5538 | D:7      | Noticed a yak
  5538 | D:7      | Noticed a yak
  5567 | D:7      | Killed a yak
  5568 | D:7      | Reached skill level 6 in Shapeshifting
  5829 | D:6      | Killed a yak
  5830 | D:6      | Reached XP level 8. HP: 50/56 MP: 8/8
  6023 | D:6      | Noticed a two-headed ogre
  6068 | D:7      | Noticed a yak
  6097 | D:6      | Killed a yak
  6098 | D:6      | Reached skill level 7 in Shapeshifting
  6121 | D:6      | Killed from afar by a manticore

Illustrated notes

Levels and vault maps discovered:
D:1:      shiori_arrival_oz, layout_loops_ring, serial_forest,
          infiniplex_forest_lined_corner, infiniplex_forest_end_double,
          infiniplex_forest_zigzag_1, infiniplex_forest_end_3,
          infiniplex_forest_3_way, infiniplex_forest_end_1,
          infiniplex_forest_clump_medium, infiniplex_forest_clump_double,
          infiniplex_forest_lined_room_2, minivault_26
D:2:      layout_loops_ring, basic_altar
D:3:      layout_rooms, mainiacjoe_overflow_24_doors, gammafunk_ghost_arena,
          dreamdust_princess_corridor
D:4:      layout_gridville, nicolae_hepliaklqana_hazy_memory,
          chequers_temple_overflow_statue_of_worship,
          nicolae_ashenzari_panopticon, nicolae_dithmenos_shadow_blocks,
          minmay_temple_entry_waves, minmay_fire_ice_demons
D:5:      layout_loops_ring, lemuel_coloured_pillars_altar
D:6:      minmay_bubble_buster, layout_gridville,
          mainiacjoe_overflow_large_starburst, kb_rosetta
D:7:      layout_basic

Skill      XL: |  1  2  3  4  5  6  7  8 |
---------------+-------------------------+-----
Stealth        | 1 2 |  2.0
Unarmed Combat | 4 5 |  5.0
Short Blades   | 2 |  2.1
Fighting       | 2 |  2.0
Conjurations   | 1 2 |  2.0
Alchemy        | 1 2 |  2.0
Shapeshifting  | 4 6 7 |  7.4
Dodging        | |  2.0

Action                     |  1- 3 |  4- 6 |  7- 9 || total
---------------------------+-------+-------+-------++-------
  Melee: Unarmed           |    84 |    58 |    23 ||   165
         Punch             |     1 |     2 |       ||     3
         Dagger            |       |   101 |    69 ||   170
  Throw: Stone             |    10 |     1 |       ||    11
         Dart              |     7 |     9 |    21 ||    37
   Cast: Sting             |       |     3 |     5 ||     8
  Evoke: Wand              |       |       |     2 ||     2
    Use: Potion            |       |     3 |       ||     3
         Scroll            |       |     6 |     4 ||    10
   Stab: Sleeping          |       |     3 |       ||     3
 Armour: Ring mail         |    32 |    73 |    35 ||   140
         Animal skin       |     3 |       |       ||     3
         Skin              |       |     4 |       ||     4
         Robe              |       |       |    29 ||    29
  Dodge: Dodged            |    44 |    78 |    39 ||   161
  Block: Buckler           |       |     1 |    11 ||    12

Table legend: (Time is in decaauts)
 A = Elapsed time spent in this place.
 B = Non-inter-level travel time spent in this place.
 C = Inter-level travel time spent in this place.
 D = Time resting spent in this place.
 E = Time spent auto-exploring this place.
 F = Levels seen in this place.
 G = Mean time per level.
                   A        B        C        D        E       F      G
               +--------+--------+--------+--------+--------+-----+--------+
         Total |   6096 |   5711 |    385 |   1089 |   3058 |   7 |  870.9 |
       Dungeon |   6096 |   5711 |    385 |   1089 |   3058 |   7 |  870.9 |
               +--------+--------+--------+--------+--------+-----+--------+

Top non-repeatable levels by time:
     D:7: 1310 daAuts
     D:2: 1052 daAuts
     D:1: 1047 daAuts
     D:5: 857 daAuts
     D:4: 724 daAuts
     D:3: 624 daAuts
     D:6: 480 daAuts
